 Dungeon Crawl Stone Soup version 0.17-a0-1533-g2f57bce (webtiles) character file.

135 emikaela the Cudgeler (level 4, -1/35 HPs)
             Began as a Demonspawn Chaos Knight on July 16, 2015.
             Killed by nerve-wracking pain
             ... invoked by an orc priest
              (10 damage)
             ... on level 3 of the Dungeon.
             The game lasted 00:05:16 (2339 turns).

emikaela the Cudgeler (Demonspawn Chaos Knight)     Turns: 2339, Time: 00:05:16

Health: -1/35      AC:  5    Str: 13    XL:     4   Next: 97%
Magic:  4/4        EV: 11    Int: 13    God:    Xom [..*...]
Gold:   65         SH:  0    Dex: 13    Spells: 0 memorised, 3 levels left

rFire  . . .     SeeInvis +     k - +0 whip
rCold  . . .     Clarity  .     b - +2 leather armour
rNeg   . . .     SustAt   .     (no shield)
rPois  .         Gourm    .     (helmet restricted)
rElec  .         Spirit   .     (no cloak)
rCorr  .         Warding  .     (no gloves)
rMut   .         Stasis   .     (no boots)
MR     .....                    (no amulet)
Stlth  +.........               (no ring)
                                n - ring of see invisible

@: not resistant to hostile enchantments, very unstealthy
A: antennae 2, powered by death 1
a: Renounce Religion


You were on level 3 of the Dungeon.
You worshipped Xom.
You were a toy of Xom.
You were not hungry.

You visited 1 branch of the dungeon, and saw 3 of its levels.

You collected 65 gold pieces.

Inventory:

Hand weapons
 a - a +0 mace of chaos
 k - a +0 whip (weapon)
 v - a +0 hunting sling
 w - a +1 short sword of electrocution
Missiles
 e - 110 stones (quivered)
 q - 22 arrows
 r - 19 silver bolts
Armour
 b - a +2 leather armour (worn)
 u - a +2 ring mail of fire resistance
Jewellery
 n - a ring of see invisible (left hand)
Scrolls
 d - 3 scrolls of teleportation {unknown}
 f - a scroll of fear {unknown}
 g - a scroll of blinking {unknown}
 j - a scroll of recharging {unknown}
 o - a scroll of random uselessness {unknown}
 p - a scroll of remove curse {unknown}
 s - a scroll of magic mapping {unknown}
 t - a scroll of immolation {unknown}
Potions
 i - 3 potions of heal wounds {unknown}
 l - 3 potions of agility {unknown}
 m - 2 potions of flight {unknown}
 x - a potion of curing {unknown}
Comestibles
 c - a bread ration
 h - a meat ration
 z - 3 chunks of flesh
 A - a slice of pizza


   Skills:
 + Level 3.2 Fighting
 * Level 4.9 Maces & Flails
 - Level 1.7 Armour
 + Level 1.2 Dodging


You had 3 spell levels left.
You didn't know any spells.

Dungeon Overview and Level Annotations

Branches:
Dungeon (3/15)

Altars:
Sif Muna

Annotations:
D:3 Grinder


Innate Abilities, Weirdness & Mutations

You have a pair of antennae on your head.
You regenerate a little health from kills.


Message History

Something smites you!
You hit the orc priest but do no damage.
You closely miss the orc priest.
The orc priest miscasts a cantrip.
The orc priest mumbles some strange prayers to Beogh against you.
Something smites you!
You hit the orc priest.
The orc priest is lightly wounded.
The orc priest mumbles some strange prayers to Beogh against you.
Pain shoots through your body!
* * * LOW HITPOINT WARNING * * *
The orc priest barely misses you.
You hit the orc priest but do no damage.
The orc priest is lightly wounded.
You hit the orc priest.
The orc priest is heavily wounded.
The orc priest calls down the wrath of Beogh upon you.
Pain shoots through your body!
You die...
Xom cackles wildly!

{ ######{ #o@..#{ #o####
#.######o######
#hoo..........####
...o.....#.###.#.##
##########.#.#....########
#.............<..
#........########
#######..........


You could see 2 orc priests and an orc.

Vanquished Creatures
  Ijyb (D:2)
  Jessica (D:2)
  A gnoll (D:1)
  2 adders (D:2)
  An ooze (D:1)
  A worm (D:2)
  2 orcs (D:3)
  7 bats
  4 giant cockroaches
  3 goblins
  7 hobgoblins
  5 kobolds
  2 giant newts (D:1)
  8 rats (D:1)
45 creatures vanquished.

Notes
Turn   | Place    | Note
--------------------------------------------------------------
     0 | D:1      | emikaela the Demonspawn Chaos Knight began the quest for the Orb.
     0 | D:1      | Reached XP level 1. HP: 18/18 MP: 1/1
   276 | D:1      | Gained mutation: You have a pair of small antennae on your head. [demonic ancestry]
   276 | D:1      | Reached XP level 2. HP: 21/24 MP: 2/2
   408 | D:1      | XOM: harmless Divn miscast
   440 | D:1      | XOM: divination: magic mapping
   692 | D:1      | Gained mutation: You have a pair of antennae on your head. [demonic ancestry]
   692 | D:1      | Reached XP level 3. HP: 29/29 MP: 3/3
   884 | D:1      | XOM: harmless Divn miscast
   978 | D:1      | Reached skill level 4 in Maces & Flails
   995 | D:1      | XOM: harmless Divn miscast
  1167 | D:2      | XOM: divination: magic mapping
  1173 | D:2      | XOM: harmless Summ miscast
  1332 | D:2      | Found a faded altar to an unknown god.
  1339 | D:2      | Noticed Ijyb
  1351 | D:2      | XOM: potion effect (berserk rage)
  1352 | D:2      | Killed Ijyb
  1352 | D:2      | Gained mutation: You regenerate a little health from kills. [demonic ancestry]
  1352 | D:2      | Reached XP level 4. HP: 35/35 MP: 4/4
  1593 | D:2      | Found a deep blue altar of Sif Muna.
  1786 | D:2      | XOM: harmless Trmt miscast
  2020 | D:2      | Noticed Jessica
  2040 | D:2      | Killed Jessica
  2040 | D:2      | Reached skill level 1 in Dodging
  2072 | D:2      | XOM: mild Hex miscast
  2241 | D:3      | Noticed Grinder
  2339 | D:3      | Killed from afar by an orc priest

Vault maps used:
D:1:      minmay_arrival_semitransparent
D:2:      led_sif_pool, ecumenical_altar_1, minmay_misc_feat_tiny, uniq_jessica,
          uniq_iyjb
D:3:      trog_hazing_becter, uniq_grinder

Action                   |  1- 3 |  4- 6 || total
-------------------------+-------+-------++-------
Melee: Mace              |    31 |       ||    31
       Whip              |   108 |    90 ||   198
 Stab: Paralysed         |     2 |       ||     2
  Eat: Chunk             |     1 |     4 ||     5
